 Dungeon Crawl Stone Soup version 0.20-a0-689-g860b9ab (webtiles) character file.

37 PBRawket the Shield-Bearer (level 3, 0/33 HPs)
             Began as a Minotaur Fighter on Feb 20, 2017.
             Succumbed to an adder's poison
             ... on level 2 of the Dungeon.
             The game lasted 00:08:23 (980 turns).

PBRawket the Shield-Bearer (Minotaur Fighter)        Turns: 980, Time: 00:08:23

Health: 0/33       AC: 11    Str: 21    XL:     3   Next: 23%
Magic:  2/2        EV:  4    Int:  5    God:
Gold:   70         SH:  9    Dex:  9    Spells: 2/2 levels left

rFire    . . .     SeeInvis .   n - +0 whip
rCold    + . .     Gourm    .   e - -2 plate armour (curse)
rNeg     . . .     Faith    .   b - +0 shield
rPois    .         Spirit   .   (helmet restricted)
rElec    .         Reflect  .   l - scarf {rC+}
rCorr    .         Harm     .   k - +0 pair of gloves
MR       .....                  (no boots)
Stlth    ..........             (no amulet)
Regen    0.2/turn               (no ring)
MPRegen  0.1/turn               (no ring)

@: lethally poisoned (0 -> -4)
A: retaliatory headbutt, horns 2
a: no special abilities


You were on level 2 of the Dungeon.
You were completely stuffed.

You visited 1 branch of the dungeon, and saw 2 of its levels.

You collected 70 gold pieces.

Inventory:

Hand Weapons
 f - a +0 short sword
 i - a +0 club
 n - a +0 whip (weapon)
Armour
 b - a +0 shield (worn)
 e - a cursed -2 plate armour (worn)
 k - a +0 pair of gloves (worn)
 l - a scarf of cold resistance (worn)
Jewellery
 j - an uncursed amulet of the gourmand {unknown}
Scrolls
 d - a scroll of fear {unknown}
 m - a scroll of remove curse {unknown}
 o - a scroll of magic mapping {unknown}
Potions
 a - a potion of heal wounds {unknown}
 c - a potion of might
 g - a potion of agility {unknown}
 h - a potion of ambrosia {unknown}


   Skills:
 + Level 4.0 Fighting
 + Level 0.5 Maces & Flails
 + Level 4.1 Armour
 + Level 4.3 Shields
 + Level 2.2 Unarmed Combat


You had 2 spell levels left.
You didn't know any spells.

Dungeon Overview and Level Annotations

Branches:
Dungeon (2/15)

Altars:


Innate Abilities, Weirdness & Mutations

You reflexively headbutt those who attack you in melee.
You have a pair of horns on your head.


Message History

The adder is heavily wounded.
* * * LOW HITPOINT WARNING * * *
You feel sick. You block the adder's attack. x2
The goblin hits you but does no damage.
You closely miss the adder. Your headbutt misses the adder.
The adder is moderately wounded.
* * * LOW HITPOINT WARNING * * *
You feel sick. The adder bites you but does no damage.
The goblin hits you but does no damage. The adder bites you but does no damage.
You closely miss the adder.
The adder is moderately wounded.
You block the goblin's attack. The adder bites you.
* * * LOW HITPOINT WARNING * * *
You miss the adder. Your headbutt misses the adder.
The adder is moderately wounded.
The adder barely misses you. You furiously retaliate!
You headbutt the adder. You block the goblin's attack.
The adder bites you but does no damage.
You closely miss the adder. You headbutt the adder.
You kill the adder!
You die...

#..........#####...##
#........... #...#
..........### #...#
...........# #...#
######....#.##.#.#...#
..............<..#...#
...........#(#####...#
........†()((........#
........@..#.#####...#
.......g)..#... ###.#
............<#.# .#
................# ##
............##...#
............# #.#
............# ##
#########.#.. .#...


You could see a goblin.

Vanquished Creatures
  An adder (D:2)
  3 worms (D:2)
  A goblin (D:2)
  4 hobgoblins
  A quokka (D:2)
  2 bats (D:1)
  A frilled lizard (D:1)
  6 kobolds (D:2)
  2 rats
21 creatures vanquished.

Notes
Turn   | Place    | Note
-------+----------+-------------------------------------------
     0 | D:1      | PBRawket the Minotaur Fighter began the quest for the Orb.
     0 | D:1      | Reached XP level 1. HP: 19/19 MP: 0/0
   550 | D:2      | Reached XP level 2. HP: 20/27 MP: 1/1
   972 | D:2      | Reached XP level 3. HP: 5/33 MP: 2/2
   977 | D:2      | HP: 1/33 [poisoned by an adder]
   980 | D:2      | Succumbed to an adder's poison

Vault maps used:
D:1:      minmay_arrival_four_houses
D:2:      kennysheep_minor_cross, doesnt_xom_only_xom

Skill      XL: |  1  2 |
---------------+-------+-----
Fighting       | 4 |  4.0
Armour         | 4 |  4.1
Shields        | 4 |  4.3
Maces & Flails | |  0.5
Unarmed Combat | |  2.2

Action                   || total
-------------------------++-------
Melee: Club              ||    62
       Headbutt          ||    12
       Unarmed           ||     2
       Whip              ||    23
  Use: Scroll            ||     1
  Eat: Meat ration       ||     1
       Bread ration      ||     1
Armor: Plate armour      ||    96
       Scale mail        ||     1
Dodge: Dodged            ||    18
Block: Shield            ||    75
